Map: Abyssal Reef LE

Players

JagrsMullets

  • Race: Zerg Zerg
  • Spawn Location: 5:00

A.I. 1 (Medium) - Winner!

  • Race: Terran Terran
  • Spawn Location: 11:00

VOD

Have the link to the VOD?

Description

Time

  • Played on: Nov. 15, 2017, 2:26 a.m.
  • Length: 4:18
Show
View Real Time Build Order
Export as new Build Order

JagrsMullets Zerg 

Build Orders: Pool Only 

Get SALT Encoding   

  12  0:09  Drone  
  12  0:11  Drone  
  14  0:18  Overlord  
  14  1:05  Spawning Pool  
  13  2:05  Zergling x6  
  16  2:12  Queen  
  18  2:37  Extractor  
  18  2:54  Drone x3  
  21  3:30  Overlord x2  
  21  3:31  Overlord  
  21  4:16  Extractor  
Show
View Real Time Build Order
Export as new Build Order

A.I. 1 (Medium) Terran - Winner!

Build Orders:  

Get SALT Encoding   

  12  0:00  SCV  
  13  0:13  SCV  
  14  0:18  Supply Depot  
  14  0:25  SCV  
  15  0:40  SCV  
  16  0:44  Barracks  
  16  0:49  Refinery  
  16  0:52  SCV  
  17  1:04  SCV  
  18  1:17  Supply Depot  
  18  1:31  Marine, Orbital Command  
  19  1:33  Barracks  
  19  1:42  Refinery  
  19  1:50  Barracks Tech Lab  
  19  2:08  Marine  
  20  2:09  Supply Depot  
  20  2:20  Marine  
  21  2:32  Marine  
  22  2:44  Marine  
  22  2:47  Supply Depot  
  23  2:54  SCV  
  23  2:56  Marine  
  25  3:06  SCV  
  25  3:08  Marine  
  25  3:10  Engineering Bay  
  27  3:18  SCV  
  28  3:21  Marine  
  29  3:30  SCV  
  30  3:39  Marauder  
  32  3:42  SCV  
  32  3:45  Marine  
  32  3:46  Supply Depot  
  34  3:54  SCV  
  35  4:00  Marine  
Tags
 
Matchup
TvZ
Opening
Pool Only
Spawn Locations
Cross Positions
Add a new tag
Caveats
  • Supply blocks, unpowered buildings, or Contaminate may cause inaccurate times.
  • Supply counts are checked every 10 seconds.